 Dungeon Crawl Stone Soup version 0.20.1-2-g1830e616b0 (webtiles) character file.

271 Alfie the Shooter (level 6, 0/52 HPs)
             Began as a Minotaur Hunter on Feb 5, 2020.
             Killed from afar by Blork the orc (4 damage)
             ... with a puff of flame
             ... on level 4 of the Dungeon.
             The game lasted 00:09:38 (2718 turns).

Alfie the Shooter (Minotaur Hunter)                 Turns: 2718, Time: 00:09:38

Health: 0/52       AC:  5    Str: 18    XL:     6   Next: 2%
Magic:  5/5        EV: 12    Int:  8    God:
Gold:   77         SH:  0    Dex: 11    Spells: 5/5 levels left

rFire    . . .     SeeInvis .   b - +0 short sword
rCold    . . .     Gourm    .   (no shield)
rNeg     . . .     Faith    .   c - +2 leather armour
rPois    .         Spirit   .   (helmet restricted)
rElec    .         Reflect  .   (no cloak)
rCorr    .         Harm     .   (no gloves)
MR       .....                  (no boots)
Stlth    +.........             (no amulet)
Regen    0.2/turn               (no ring)
MPRegen  0.1/turn               (no ring)

@: no status effects
A: retaliatory headbutt, horns 2
a: no special abilities


You were on level 4 of the Dungeon.
You were not hungry.

You visited 1 branch of the dungeon, and saw 4 of its levels.

You collected 77 gold pieces.

Inventory:

Hand Weapons
 a - a +1 shortbow
 b - a +0 short sword (weapon)
Missiles
 r - 7 poisoned needles (quivered)
Armour
 c - a +2 leather armour (worn)
Jewellery
 i - an uncursed amulet of the gourmand
 q - an uncursed amulet of rage {unknown}
Wands
 k - a wand of random effects (41/48)
Scrolls
 n - a scroll of blinking
Potions
 e - 2 potions of heal wounds {unknown}
 g - a potion of invisibility {unknown}
 h - 3 potions of mutation {unknown}
 j - 2 potions of lignification {unknown}
 l - a potion of curing {unknown}
 o - a potion of cancellation {unknown}
Comestibles
 f - 2 bread rations
 m - 2 royal jellies
 s - a meat ration


   Skills:
 + Level 3.7 Fighting
 + Level 0.9 Short Blades
 + Level 6.6 Bows
 + Level 2.7 Armour
 + Level 2.7 Dodging
 + Level 1.0 Stealth


You had 5 spell levels left.
You didn't know any spells.

Dungeon Overview and Level Annotations

Branches:
Dungeon (4/15)
 Temple: D:4-7

Altars:
Makhleb
Nemelex Xobeh
Sif Muna
Xom

Annotations:
D:4 Blork the orc


Innate Abilities, Weirdness & Mutations

You reflexively headbutt those who attack you in melee.
You have a pair of horns on your head.


Message History

b - a +0 short sword (weapon)
Blork the orc gestures wildly while chanting.
Blork the orc seems to speed up.
Blork the orc miscasts a cantrip.
Blork the orc screams, "Die!"
Blork the orc casts a spell at you. The puff of flame hits you!
Blork the orc points at you and mumbles some strange words.
The puff of flame hits you!
Blork the orc is engulfed in a cloud of scalding steam. x2
Found a deep blue altar of Sif Muna.
Blork the orc gestures at you while chanting.
The magic dart hits you!
* * * LOW HITPOINT WARNING * * *
Blork the orc gestures at you while chanting.
The puff of flame hits you!
* * * LOW HITPOINT WARNING * * *
Blork the orc casts a spell at you. The puff of flame hits you!
You die...

#...≈≈(..≈≈...
#...≈≈(>.≈≈...#
#...≈≈..o≈≈...
##...≈≈≈§≈...#
#....≈≈§....#
##.........#
##.......##
###...### #._@#
#...# #####


There were no monsters in sight!

Vanquished Creatures
  2 hounds
  4 gnolls (D:4)
  6 adders
  3 oozes
  2 worms (D:2)
  2 dart slugs
  7 leopard geckos
  10 bats
  4 giant cockroaches
  10 hobgoblins
  15 jackals
  4 kobolds
  A quokka (D:2)
  3 frilled lizards
  9 goblins
  6 rats
88 creatures vanquished.

Notes
Turn   | Place    | Note
-------+----------+-------------------------------------------
     0 | D:1      | Alfie the Minotaur Hunter began the quest for the Orb.
     0 | D:1      | Reached XP level 1. HP: 18/18 MP: 0/0
    69 | D:1      | Reached XP level 2. HP: 25/25 MP: 1/1
   193 | D:1      | Reached skill level 5 in Bows
   391 | D:1      | Reached XP level 3. HP: 30/30 MP: 2/2
   977 | D:2      | Reached XP level 4. HP: 31/38 MP: 3/3
  1073 | D:2      | Reached skill level 1 in Armour
  1304 | D:2      | Found a sparkling altar of Nemelex Xobeh.
  1623 | D:2      | Found a shimmering altar of Xom.
  1939 | D:3      | Reached skill level 6 in Bows
  2205 | D:3      | Reached XP level 5. HP: 45/45 MP: 4/4
  2325 | D:3      | Found a burning altar of Makhleb.
  2536 | D:3      | Reached skill level 1 in Stealth
  2673 | D:4      | Reached XP level 6. HP: 22/52 MP: 5/5
  2687 | D:4      | Noticed Blork the orc
  2704 | D:4      | Found a deep blue altar of Sif Muna.
  2708 | D:4      | HP: 2/52 [Blork the orc/puff of flame (5)]
  2718 | D:4      | Killed from afar by Blork the orc

Skill      XL: |  1  2  3  4  5 |
---------------+----------------+-----
Bows           | 5 6 |  6.6
Fighting       | 3 |  3.7
Armour         | 1 2 |  2.7
Stealth        | 1 |  1.0
Short Blades   | |  0.9
Dodging        | |  2.7

Action                   |  1- 3 |  4- 6 || total
-------------------------+-------+-------++-------
Melee: Short sword       |    22 |    97 ||   119
       Headbutt          |     2 |    16 ||    18
 Fire: Shortbow          |    70 |    58 ||   128
  Use: Scroll            |     2 |     5 ||     7
 Stab: Sleeping          |     1 |       ||     1
  Eat: Bread ration      |       |     1 ||     1
       Royal jelly       |       |     1 ||     1
Armor: Leather armour    |    14 |    26 ||    40
Dodge: Dodged            |    39 |    85 ||   124
